 Dungeon Crawl Stone Soup version 0.24.0-13-gcf9b319 (webtiles) character file.

Game seed: 4854319256832267890, levelgen mode: deterministic

64 Bronimir the Conjurer (level 3, 0/19 HPs)
             Began as a Deep Elf Conjurer on Mar 11, 2020.
             Slain by an iguana (11 damage)
             ... on level 2 of the Dungeon.
             The game lasted 00:03:26 (1994 turns).

Bronimir the Conjurer (Deep Elf Conjurer)           Turns: 1994, Time: 00:03:27

Health: 0/19       AC:  6    Str:  5    XL:     3   Next: 91%
Magic:  1/9        EV: 12    Int: 20    God:
Gold:   111        SH:  5    Dex: 15    Spells: 5/8 levels left

rFire    . . .     SeeInvis .   a - +2 dagger (drain)
rCold    . . .     Gourm    .   (no shield)
rNeg     . . .     Faith    .   f - +0 leather armour
rPois    .         Spirit   .   (no helmet)
rElec    .         Reflect  +   (no cloak)
rCorr    .         Harm     .   (no gloves)
MR       .....                  (no boots)
Stlth    ++........             l - +5 amulet of reflection
HPRegen  0.06/turn              r - +3 ring of protection
MPRegen  0.11/turn              (no ring)

@: no status effects
A: no striking features
a: no special abilities


You were on level 2 of the Dungeon.
You were not hungry.

You visited 1 branch of the dungeon, and saw 2 of its levels.

You collected 111 gold pieces.

Inventory:

Hand Weapons
 a - a +2 dagger of draining (weapon)
 s - a +1 dagger of speed
Missiles
 d - 111 stones
 h - 12 bolts
 i - 19 arrows
 q - 13 sling bullets
 u - 21 poisoned darts (quivered)
Armour
 b - a +0 robe
 e - a +0 ring mail
 f - a +0 leather armour (worn)
Jewellery
 l - a +5 amulet of reflection (around neck)
 r - a +3 ring of protection (left hand)
Scrolls
 g - a scroll of fear {unknown}
 m - a scroll of teleportation {unknown}
 n - 3 scrolls of identify {unknown}
 t - a scroll of amnesia {unknown}
Potions
 j - 2 potions of curing {unknown}
 k - a potion of degeneration {unknown}
 o - a potion of cancellation {unknown}
 p - 2 potions of invisibility {unknown}
 v - a potion of resistance {unknown}
Comestibles
 c - 5 rations


   Skills:
 + Level 0.1 Fighting
 + Level 0.2 Throwing
 + Level 0.1 Armour
 + Level 2.7 Dodging
 - Level 2.4 Stealth
 + Level 3.2 Spellcasting
 * Level 5.8 Conjurations


You had 5 spell levels left.
You knew the following spells:

 Your Spells              Type           Power        Failure   Level  Hunger
a - Magic Dart            Conj           ####         2%          1    None
b - Searing Ray           Conj           ####..       3%          2    ##.....

Your spell library contained the following spells:

 Spells                   Type           Power        Failure   Level  Hunger
 Dazzling Spray           Conj/Hex       ##....       22%         3    ###....
 Iskenderun's Mystic Bla  Conj           ####....     22%         4    ####...
 Force Lance              Conj/Tloc      ##......     56%         4    ####...
 Fulminant Prism          Conj/Hex       ##........   56%         4    ####...


Dungeon Overview and Level Annotations

Branches:
Dungeon (2/15)

Altars:
Dithmenos


Message History

Press: ? - help, Shift-Dir - straight line, f/p - iguana
Aim: an iguana The magic dart hits the iguana.
The iguana is moderately wounded.
Casting: Magic Dart (safe; 2% risk of failure)
Confirm with . or Enter, or press ? or * to list all spells.
Aiming: Searing Ray (safe; 3% risk of failure)
Press: ? - help, Shift-Dir - straight line, p - iguana The searing ray hits the iguana.
The iguana is moderately wounded. (Press . to maintain the ray.)
The iguana completely misses you.
The searing ray hits the iguana.
The iguana is severely wounded.
The iguana bites you!
The searing ray hits the iguana.
The iguana is severely wounded.
The iguana bites you!
Ouch! That really hurt!
You die...

#####.# ...
#§#.#.#.# #
#.###.....
..§§§_§§..#
#####....#
..##§#§#.#.#
.)......## ##
##§§§##.#
########.# §# #.#
#.# .# #.# ## .#
#.# #######..# #.#
#..@l....# #.#
#.######.# ##.##
#.# #.# #...#
#.#### #.# #...#
#....# #.###...####
##...###..........#
#.####...........#
#.# #...........#
#.# #..###...####


You could see an iguana.

Vanquished Creatures
  An adder (D:2)
  2 worms (D:2)
  3 dart slugs
  A leopard gecko (D:2)
  5 goblins
  7 hobgoblins
  6 jackals (D:2)
  4 kobolds
  A quokka (D:2)
  2 ball pythons
  3 bats (D:1)
  2 frilled lizards
37 creatures vanquished.

Notes
Turn   | Place    | Note
-------+----------+-------------------------------------------
     0 | D:1      | Bronimir the Deep Elf Conjurer began the quest for the Orb.
     0 | D:1      | Reached XP level 1. HP: 10/10 MP: 6/6
   259 | D:1      | Reached XP level 2. HP: 15/15 MP: 6/8
   263 | D:1      | Learned a level 2 spell: Searing Ray
   718 | D:1      | Reached skill level 5 in Conjurations
  1169 | D:2      | Reached XP level 3. HP: 13/19 MP: 5/9
  1294 | D:2      | Found a shadowy altar of Dithmenos.
  1994 | D:2      | Slain by an iguana

Levels and vault maps discovered:
D:1:      wander_arrival_estate, layout_basic, serial_forest,
          infiniplex_forest_zigzag_1, infiniplex_forest_straight_2,
          infiniplex_forest_lined_4_way, infiniplex_forest_zigzag_1,
          infiniplex_forest_end_2, infiniplex_forest_clump_medium
D:2:      layout_loops_ring, grunt_dithmenos_smoke_and_mirrors

Skill      XL: |  1  2 |
---------------+-------+-----
Conjurations   | 5 |  5.8
Fighting       | |  0.1
Throwing       | |  0.2
Armour         | |  0.1
Dodging        | |  2.7
Stealth        | |  2.4
Spellcasting   | |  3.2

Action                   || total
-------------------------++-------
Melee: Dagger            ||     7
Throw: Dart              ||     3
       Stone             ||     1
 Cast: Magic Dart        ||    60
       Searing Ray       ||     7
  Eat: Chunk             ||     3
Armor: Leather armour    ||    11
Dodge: Dodged            ||    23
Block: Other             ||     1
